 Dungeon Crawl Stone Soup version 0.20-a0-1086-g4bd2f5b (webtiles) character file.

213 Murumi the Covert (level 5, -1/37 HPs)
             Began as a Vampire Enchanter on May 1, 2017.
             Slain by sour's ghost (6 damage)
             ... on level 4 of the Dungeon.
             The game lasted 00:16:37 (4762 turns).

Murumi the Covert (Vampire Enchanter)               Turns: 4762, Time: 00:16:38

Health: -1/37      AC:  4    Str:  6 (7)  XL:     5   Next: 59%
Magic:  2/8        EV: 12    Int: 19 (22) God:
Gold:   188        SH:  0    Dex: 14 (16) Spells: 2/8 levels left

rFire    . . .     SeeInvis +   a - +1 dagger
rCold    + + .     Gourm    .   (no shield)
rNeg     + + +     Faith    .   b - +0 robe
rPois    ∞         Spirit   .   g - +0 helmet
rElec    .         Reflect  .   (no cloak)
rCorr    .         Harm     .   e - +0 pair of gloves
MR       +....                  (no boots)
Stlth    ++++++....             (no amulet)
Regen    0.0/turn               r - ring of protection from magic
MPRegen  0.2/turn               (no ring)

@: brilliant, flying, bloodless, non-regenerating
A: fangs 3, see invisible, unbreathing
a: Bat Form


You were on level 4 of the Dungeon.
You were bloodless.

You visited 1 branch of the dungeon, and saw 4 of its levels.

You collected 188 gold pieces.

Inventory:

Hand Weapons
 a - a +1 dagger (weapon)
Armour
 b - a +0 robe (worn)
 e - a +0 pair of gloves (worn)
 g - a +0 helmet (worn)
Jewellery
 r - a ring of protection from magic (left hand)
Wands
 s - a wand of paralysis (13/24)
Scrolls
 i - a scroll of magic mapping {unknown}
 j - a scroll of enchant weapon {unknown}
 m - a scroll of fog {unknown}
 n - a scroll of amnesia {unknown}
 o - a scroll of random uselessness {unknown}
Potions
 d - 12 potions of blood
 f - a potion of curing
 h - 2 potions of invisibility
Books
 c - a book of Maledictions

   Spells                             Type                      Level
   a - Corona                         Hexes                        1
   b - Ensorcelled Hibernation        Hexes/Ice                    2
   c - Confuse                        Hexes                        3
   d - Tukima's Dance                 Hexes                        3
   e - Dazzling Spray                 Conjuration/Hexes            3


   Skills:
 - Level 1.0 Fighting
 - Level 2.0 Short Blades
 - Level 2.1 Dodging
 + Level 9.2 Stealth
 - Level 2.0 Spellcasting
 - Level 4.4 Hexes


You had 2 spell levels left.
You knew the following spells:

 Your Spells              Type           Power        Failure   Level  Hunger
a - Corona                Hex            ####...      1%          1    #......
b - Ensorcelled Hibernat  Hex/Ice        ###...       1%          2    ###....
c - Confuse               Hex            ####....     1%          3    ###....


Dungeon Overview and Level Annotations

Branches:
Dungeon (4/15)
 Temple: D:4-7

Altars:
Kikubaaqudgha

Annotations:
D:4 sour's ghost, novice FoFi


Innate Abilities, Weirdness & Mutations

You do not heal naturally.
You are immune to poison.
You have razor-sharp teeth.
You have supernaturally acute eyesight. (SInv)
You can survive without breathing.


Message History

Casting: Confuse
Confirm with . or Enter, or press ? or * to list all spells.
You don't have enough magic to cast that spell.
Unknown command.
It was a potion of degeneration.
There was something very wrong with that liquid.
You feel weakened.
You feel dopey.
You feel clumsy. Sour's ghost barely misses you.
It was a potion of brilliance.
You feel clever all of a sudden. Sour's ghost barely misses you.
It was a potion of lignification.
You feel woody for a moment. Sour's ghost hits you!
* * * LOW HITPOINT WARNING * * *
It was a potion of flight.
You feel very buoyant.
You fly up into the air.
Sour's ghost closely misses you.
Found a scroll labeled AHUUQE PAPUKURGH.
You fail to use your ability.
Sour's ghost hits you.
You die...

.##...............#.#.#.##.###...
.##.#.#.#.#.............##.....#.
..................#.#.#.#........
....#.#.#.#.............#........
..................#.#.#.#........
....#.#.#.#....#.................
.Z.......).....#...............#.
....#.#.#.#..###.................
............####@..........#.#.#.
...............W...........#+#...
...............................#.
.....######......................
.... #.....(...............< ....
.......................> ....
.......#...............#. ....
........#...########.####. ##..
?.......#...# #....# #.


You could see sour's ghost.

Vanquished Creatures
  A hound (D:4)
  An orc priest (D:3)
  A worker ant (D:3)
  A hound skeleton (D:4)
  An adder (D:4)
  An adder skeleton (D:4)
  3 worms (D:2)
  3 dart slugs (D:2)
  3 leopard geckos
  10 orcs (D:3)
  A ball python (D:4)
  8 bats
  6 giant cockroaches
  7 goblins
  6 hobgoblins
  4 jackals (D:2)
  6 kobolds
  A quokka (D:4)
  3 frilled lizards
  2 leopard gecko skeletons (D:4)
  A quokka skeleton (D:4)
  7 rats
77 creatures vanquished.

Notes
Turn   | Place    | Note
-------+----------+-------------------------------------------
     0 | D:1      | Murumi the Vampire Enchanter began the quest for the Orb.
     0 | D:1      | Reached XP level 1. HP: 13/13 MP: 3/3
   228 | D:1      | Reached skill level 5 in Stealth
   310 | D:1      | Reached XP level 2. HP: 19/20 MP: 3/5
   317 | D:1      | Reached skill level 1 in Fighting
   321 | D:1      | Learned a level 2 spell: Ensorcelled Hibernation
  1345 | D:2      | Reached skill level 6 in Stealth
  1350 | D:2      | Reached XP level 3. HP: 25/26 MP: 1/6
  1598 | D:2      | Found an ancient bone altar of Kikubaaqudgha.
  2341 | D:2      | Reached skill level 7 in Stealth
  2505 | D:2      | Reached XP level 4. HP: 32/32 MP: 4/7
  2510 | D:2      | Learned a level 3 spell: Confuse
  2773 | D:3      | Found a faded altar of an unknown god.
  3350 | D:3      | Reached skill level 8 in Stealth
  3350 | D:3      | Reached XP level 5. HP: 33/37 MP: 0/8
  3991 | D:4      | Reached skill level 9 in Stealth
  4047 | D:4      | Noticed sour's ghost (novice FoFi)
  4762 | D:4      | Slain by sour's ghost

Vault maps used:
D:1:      lemuel_arrival_behind_the_door_small
D:2:      kiku_gazebo_garden_becter
D:3:      first_bread, chequers_ecumenical_altar_simple,
          minmay_misc_feat_four_crosses
D:4:      serial_glass, glass_columns_c, glass_columns_b, glass_columns_a,
          glass_columns_c, glass_columns_c, glass_columns_b, glass_columns_a,
          glass_columns_a, item_on_display_a, minmay_strange_pillars,
          feat_on_display, due_unseen_surprise

Skill      XL: |  1  2  3  4  5 |
---------------+----------------+-----
Stealth        | 5 6 7 8 9 |  9.2
Fighting       | 1 |  1.0
Short Blades   | 2 |  2.0
Dodging        | |  2.1
Spellcasting   | |  2.0
Hexes          | |  4.4

Action                   |  1- 3 |  4- 6 || total
-------------------------+-------+-------++-------
Melee: Dagger            |    81 |   133 ||   214
       Bite              |     2 |    14 ||    16
 Cast: Corona            |     6 |       ||     6
       Ensorcelled Hiber |    28 |    19 ||    47
       Confuse           |       |    10 ||    10
 Abil: End Transformatio |       |     1 ||     1
       Bat Form          |       |     1 ||     1
  Use: Scroll            |     4 |       ||     4
       Potion            |       |     8 ||     8
 Stab: Sleeping          |    38 |    18 ||    56
       Distracted        |       |     1 ||     1
       Confused          |       |     3 ||     3
  Eat: Corpse            |       |     1 ||     1
Armor: Robe              |    17 |    15 ||    32
Dodge: Dodged            |    48 |    59 ||   107
